AoeStats
← Jobington

Scandinavia

510392001Analyzed
1v1 RM · 1d ago on Sep 30, 2026· 53m 19s· 2 players
Game mode
Random Map
Map size
Tiny (2 player)
Population
200
Speed
Normal
Resources
Standard
Victory
Conquest
Starting age
Dark Age
Ending age
Imperial Age
RankedLock teamsTeams togetherTeam positionsShared explorationLock speedFull tech treeHidden civsTurbo modeCheats
Victory
Defeat
🇬🇧 Danes · United Kingdom
1037
+17
🇯🇴 Italians · Jordan
1051
-17
Jobington
10:54 Feudal Age
9:30 Loom
11:46 Double-Bit Axe
12:55 Horse Collar
15:16 Castle Age
13:15 Stone Mining
19:34 Scale Mail Armor
24:37 Chain Mail Armor
24:33 Forging
28:02 Iron Casting
32:19 Imperial Age
32:10 Squires
31:56 Arson
33:53 Plate Mail Armor
34:25 Blast Furnace
34:55 Gold Mining
35:46 Wheelbarrow
36:53 Fletching
42:24 Elite Jomsviking
42:26 Hamask
Prince Of The Darkness
6:38 Loom
9:52 Feudal Age
10:34 Double-Bit Axe
16:42 Horse Collar
22:36 Castle Age
21:06 Stone Mining
24:14 Fletching
26:15 Fishing Lines
27:11 Padded Archer Armor
31:27 Wheelbarrow
31:14 Bow Saw
31:42 Gold Mining
32:55 Bodkin Arrow
34:41 Hand Cart
34:23 Gillnets
34:56 Heavy Plow
35:41 Stone Shaft Mining
39:55 Imperial Age
38:40 Leather Archer Armor
40:19 Scale Barding Armor
41:43 Chemistry
40:54 Masonry
41:06 Bracer
41:35 Ballistics
43:32 Thumb Ring
47:59 Conscription
47:59 Light Cavalry
Connection lost

Rejoining the realm…

Still unreachable

The connection could not be restored.

Session expired

The server has moved on; the page needs a fresh start.